 Dungeon Crawl Stone Soup version 0.31-a0-229-g1fc7ce93e2 (webtiles) character file.

Game seed: 9745340433187245134

15869 qw the Marksminotaur (level 12, -7/107 HPs)
             Began as a Minotaur Hexslinger on July 6, 2023.
             Was an Elder of Okawaru.
             Mangled by a death yak (18 damage)
             ... on level 1 of the Lair of Beasts.
             The game lasted 00:05:39 (11036 turns).

qw the Marksminotaur (Minotaur Hexslinger)         Turns: 11036, Time: 00:05:40

Health: -7/107     AC: 12    Str: 14    XL:     12   Next: 5%
Magic:  11/13      EV: 20    Int: 10    God:    Okawaru [****..]
Gold:   71         SH:  5    Dex: 17    Spells: 12/13 levels left

rFire   + . .        Y - +1 orcbow
rCold   + . .        (shield currently unavailable)
rNeg    . . .        b - +0 steam dragon scales
rPois   .            f - +2 hat
rElec   .            (no cloak)
rCorr   .            (no gloves)
SInv    .            g - +0 pair of boots
Will    .....        r - amulet of reflection
Stlth   +++          q - ring of protection from fire
HPRegen 0.37/turn    p - ring of protection from cold
MPRegen 0.13/turn

%: reflection, clarity
@: heroic
A: horns 2, retaliatory headbutt, iridescent scales 1, clarity, low MP 1
a: Renounce Religion, Heroism, Finesse


You were on level 1 of the Lair of Beasts.
You worshipped Okawaru.
Okawaru was greatly pleased with you.
You visited 3 branches of the dungeon, and saw 11 of its levels.
You also visited: Sewer.

You collected 604 gold pieces.
You spent 533 gold pieces at shops.


Innate Abilities, Weirdness & Mutations

You have a pair of horns on your head.
You reflexively headbutt those who attack you in melee.
You are partially covered in iridescent scales. (AC +2)
You possess an exceptional clarity of mind.
Your magical capacity is low. (-10% MP)


   Skills:
 + Level 10.4(15.4) Fighting
 - Level 16.0(21.0) Ranged Weapons
 - Level 4.2(9.2) Armour
 - Level 8.0(13.0) Dodging
 - Level 1.0 Spellcasting
 - Level 2.0 Hexes
 + Level 5.8 Invocations


You had 12 spell levels left.
You knew the following spells:

 Your Spells              Type           Power      Damage    Failure   Level
a - Slow                  Hex            16%        N/A       16%         1

Your spell library contained the following spells:

 Spells                   Type           Power      Damage    Failure   Level
 Inner Flame              Hex/Fire       2%         N/A       56%         3
 Portal Projectile        Hex/Tloc       4%         N/A       56%         3
 Cause Fear               Hex            2%         N/A       83%         4

Inventory:

Hand Weapons
 Y - a +1 orcbow (weapon)
Armour
 b - +0 steam dragon scales (worn)
 e - a +1 leather armour of fire resistance
 f - a +2 hat (worn)
 g - a +0 pair of boots (worn)
 h - a +3 leather armour
Jewellery
 k - a ring of protection from cold
 l - a ring of protection from fire
 p - a ring of protection from cold (right hand)
 q - a ring of protection from fire (left hand)
 r - an amulet of reflection (around neck)
Scrolls
 a - 11 scrolls of identify
 j - a scroll of brand weapon {unknown}
Potions
 c - a potion of resistance
 d - 3 potions of mutation
 i - a potion of enlightenment
 n - 5 potions of curing
 s - a potion of magic
 t - 3 potions of haste

Dungeon Overview and Level Annotations

Branches:
Dungeon (9/15)             Temple (1/1) D:4            Lair (1/5) D:9
  Sewer (visited)
    Orc: D:9-12

Altars:
Ashenzari
Cheibriados
Dithmenos
Elyvilon
Fedhas
Gozag
Hepliaklqana
Kikubaaqudgha
Makhleb
Nemelex Xobeh
Okawaru
Qazlal
Ru
Sif Muna
Trog
Uskayaw
Vehumet
Wu Jian
Xom
Yredelemnul
Zin
The Shining One

Shops:
D:4 [   D:9 !

Annotations:
D:7 3 runed translucent doors, qw's ghost, novice GrFi
D:9 exclusion: scorpion
Lair:1 1 runed translucent door, qw's ghost, journeyman GrFi


Message History

You shoot an arrow.
The arrow hits the death yak but does no damage.
The death yak is lightly wounded.
The death yak misses you. The death yak gores you!
You shoot an arrow. The arrow hits the death yak!
The death yak is lightly wounded.
The death yak closely misses you. The death yak misses you.
You shoot an arrow. The arrow hits the death yak.
The death yak is moderately wounded.
You shoot an arrow.
The arrow hits the death yak but does no damage.
The death yak is moderately wounded.
You feel like a meek peon again. The death yak gores you!
The death yak misses you.
11030 ||| INVOKING Heroism.
You gain the combat prowess of a mighty hero.
The death yak gores you but does no damage.
The death yak closely misses you.
You shoot an arrow. The arrow hits the death yak!!
The death yak is heavily wounded.
The death yak misses you. You furiously retaliate!
You headbutt the death yak!
The death yak gores you but does no damage.
You shoot an arrow. The arrow barely misses the death yak.
You shoot an arrow. The arrow hits the death yak!
The death yak is severely wounded.
The death yak barely misses you. You furiously retaliate!
You headbutt the death yak.
The death yak gores you but does no damage.
You shoot an arrow.
The arrow hits the death yak but does no damage.
The death yak is heavily wounded.
The death yak gores you.
The death yak gores you but does no damage.
You shoot an arrow. The arrow hits the death yak.
The death yak is severely wounded.
You shoot an arrow. The arrow hits the death yak.
The death yak is severely wounded.
The death yak gores you but does no damage.
The death yak gores you!!
You die...

#+#..#.......~~~~~~~~~~~~~7
..............~~~~~~~~~~PP7
...............~~~~~~~~~~~7
..............~~~~~~~~~P~~7
.............P~~~~~~~~~~
##.P.....##...~~P~~~~~~7
.........#...~~~~~~~~7
...............Y%..777
.........#.....Y@....#
.....P...#.......#...#
.....#...#.......#...#
.................#...#
...###...#.......#...#
.........#.###.##....#
.....................#
.....................##
.....................P#


You could see 2 death yaks.

Vanquished Creatures
  3 two-headed ogres (D:9)
  4 death yaks (Lair:1)
  Amaemon (D:8)
  Joseph (D:8)
  An orange demon (D:8)
  4 cane toads (Lair:1)
  2 komodo dragons (Lair:1)
  A red devil (D:9)
  2 hellwings (D:9)
  A hornet (D:8)
  4 blink frogs (Lair:1)
  A wyvern (D:9)
  12 yaks (Lair:1)
  A basilisk (Lair:1)
  4 steam dragons
  5 water moccasins (Lair:1)
  An ice beast (D:6)
  An orc warrior (D:9)
  2 black bears
  An ogre (D:4)
  5 wolves (Lair:1)
  5 centaurs
  4 phantoms
  A kobold brigand (D:6)
  9 bullfrogs
  8 scorpions
  5 wights
  4 killer bees (D:5)
  3 howler monkeys
  2 jellies
  5 hounds
  A gnoll bouda (D:7)
  5 orc priests
  An iron imp (D:9)
  Ijyb (D:3)
  2 iguanas
  9 orc wizards
  10 adders
  12 gnolls
  A river rat (D:4)
  A shadow imp (D:9)
  5 white imps
  An ufetubus (D:9)
  3 worms
  2 dart slugs (D:1)
  39 orcs
  9 ball pythons
  13 endoplasms
  10 giant cockroaches
  6 hobgoblins
  4 jackals (D:1)
  12 quokkas
  5 bats
  11 frilled lizards
  9 goblins
  8 kobolds
  7 rats
290 creatures vanquished.

Vanquished Creatures (others)
  A steam dragon (D:6)
  A gnoll (D:7)
2 creatures vanquished.

Grand Total: 292 creatures vanquished

Notes
Turn   | Place    | Note
-------+----------+-------------------------------------------
     0 | D:1      | qw the Minotaur Hexslinger began the quest for the Orb.
     0 | D:1      | Reached XP level 1. HP: 16/16 MP: 1/1
     0 | D:1      | 0 ||| qw: Version: 0.3-a-46-gb1f654a
     0 | D:1      | 0 ||| qw: Game counter: 1451
     0 | D:1      | 0 ||| qw: Melee chars always use a shield: true
     0 | D:1      | 0 ||| qw: God list: Okawaru
     0 | D:1      | 0 ||| qw: Allow faded altars: false
     0 | D:1      | 0 ||| qw: Do Orc after clearing Dungeon:15 true
     0 | D:1      | 0 ||| qw: Do second Lair branch before Depths: true
     0 | D:1      | 0 ||| qw: Lair rune preference: random
     0 | D:1      | 0 ||| qw: Goals: Normal
     0 | D:1      | 0 ||| PLANNING D:1-11
    12 | D:1      | Noticed a hound
    12 | D:1      | Noticed an iguana
    12 | D:1      | Noticed a lindwurm
    13 | D:1      | Noticed a scorpion
    13 | D:1      | Noticed a swamp drake
    19 | D:1      | 19 ||| DROPPING scroll of poison.
    75 | D:1      | Reached skill level 3 in Ranged Weapons
    75 | D:1      | Reached XP level 2. HP: 19/23 MP: 2/2
   287 | D:1      | Reached XP level 3. HP: 21/29 MP: 3/3
   795 | D:1      | 795 ||| UPGRADING to +0 pair of boots.
   800 | D:1      | 800 ||| UPGRADING to +0 ring mail.
   810 | D:1      | 810 ||| DROPPING +0 robe.
   811 | D:1      | 811 ||| UPGRADING to amulet of the acrobat.
   816 | D:1      | 816 ||| UPGRADING to ring of protection from fire.
   817 | D:1      | 817 ||| READING scroll labelled KUUD WAENAJU.
   818 | D:1      | 818 ||| DRINKING 3 fizzy ruby potions.
   818 | D:1      | Gained mutation: Your magical capacity is low. (-10% MP)
                  | [potion of mutation]
   818 | D:1      | Gained mutation: You are occasionally teleported next to
                  | monsters. [potion of mutation]
   818 | D:1      | Gained mutation: You are robust. (+10% HP) [potion of
                  | mutation]
   818 | D:1      | Gained mutation: You are partially covered in iridescent
                  | scales. (AC +2) [potion of mutation]
   823 | D:1      | 823 ||| DRINKING 2 potions of mutation.
   823 | D:1      | Lost mutation: You are robust. (+10% HP) [potion of
                  | mutation]
   823 | D:1      | Lost mutation: You are occasionally teleported next to
                  | monsters. [potion of mutation]
   823 | D:1      | Gained mutation: You possess an exceptional clarity of
                  | mind. [potion of mutation]
   846 | D:2      | Reached skill level 4 in Ranged Weapons
   931 | D:2      | 931 ||| FLEEEEING.
   959 | D:2      | Reached skill level 1 in Armour
  1140 | D:2      | Identified the +1 sling "Zisityq" {drain, Str+6}
  1142 | D:2      | 1142 ||| SWAPPING to +1 sling "Zisityq" {drain, Str+6}.
  1143 | D:2      | 1143 ||| DROPPING +1 sling.
  1153 | D:2      | Reached XP level 4. HP: 36/36 MP: 3/3
  1436 | D:2      | 1436 ||| READING scroll labelled OHOFUX FERUJ.
  1500 | D:2      | 1500 ||| READING scroll labelled VYONAY QAIPN.
  1505 | D:2      | 1505 ||| DRINKING 2 orange potions.
  1506 | D:2      | 1506 ||| DRINKING 2 ruby potions.
  1511 | D:2      | 1511 ||| DROPPING potion of ambrosia.
  2025 | D:3      | Found a burning altar of Makhleb.
  2026 | D:3      | Noticed Ijyb
  2033 | D:3      | Killed Ijyb
  2034 | D:3      | Reached skill level 5 in Ranged Weapons
  2042 | D:3      | Reached XP level 5. HP: 25/41 MP: 4/4
  2042 | D:3      | 2042 ||| FLEEEEING.
  2043 | D:3      | 2043 ||| FLEEEEING.
  2043 | D:3      | Found an ornate altar of the Wu Jian Council.
  2047 | D:3      | 2047 ||| STAIRDANCE
  2100 | D:2      | 2100 ||| READING scroll labelled BOUNKA OSABB.
  2101 | D:2      | 2101 ||| DRINKING 3 green potions.
  2102 | D:2      | 2102 ||| DRINKING 3 glowing brown potions.
  2103 | D:2      | 2103 ||| DROPPING 2 potions of degeneration.
  2310 | D:3      | Reached skill level 3 in Fighting
  2508 | D:3      | 2508 ||| UPGRADING to +2 hat.
  2513 | D:3      | 2513 ||| READING 2 scrolls of identify.
  2513 | D:3      | 2513 ||| IDENTIFYING lumpy sapphire potion
  2514 | D:3      | 2514 ||| DROPPING potion of brilliance.
  2530 | D:4      | 2530 ||| PLANNING SEWER
  2740 | D:4      | Found a glowing drain.
  2741 | D:4      | 2741 ||| READING scroll labelled IJAN NITSIOH.
  2742 | D:4      | 2742 ||| READING scroll labelled CERIURR AKHA.
  2750 | Sewer    | Entered a sewer
  2795 | Sewer    | 2795 ||| Stepping ~*~*~tactically~*~*~ (water).
  2849 | Sewer    | 2849 ||| Stepping ~*~*~tactically~*~*~ (water).
  2865 | Sewer    | 2865 ||| Stepping ~*~*~tactically~*~*~ (water).
  2868 | Sewer    | 2868 ||| Stepping ~*~*~tactically~*~*~ (water).
  2888 | Sewer    | Reached skill level 6 in Ranged Weapons
  2888 | Sewer    | Reached XP level 6. HP: 52/52 MP: 5/5
  2965 | Sewer    | 2965 ||| Stepping ~*~*~tactically~*~*~ (water).
  2979 | Sewer    | 2979 ||| Stepping ~*~*~tactically~*~*~ (water).
  2985 | Sewer    | 2985 ||| Stepping ~*~*~tactically~*~*~ (water).
  3032 | Sewer    | 3032 ||| Stepping ~*~*~tactically~*~*~ (water).
  3036 | Sewer    | 3036 ||| Stepping ~*~*~tactically~*~*~ (water).
  3063 | Sewer    | Reached skill level 7 in Ranged Weapons
  3087 | Sewer    | 3087 ||| READING 2 scrolls of identify.
  3087 | Sewer    | 3087 ||| IDENTIFYING sedimented white potion
  3102 | D:4      | 3102 ||| PLANNING D:1-11
  3156 | D:4      | Reached XP level 7. HP: 21/59 MP: 6/6
  3176 | D:4      | 3176 ||| FLEEEEING.
  3423 | D:4      | Reached skill level 8 in Ranged Weapons
  3529 | D:4      | Found Laotekaw's Antique Armour Shop.
  3536 | D:4      | 3536 ||| SHOPLISTING troll leather armour (405 gold, have
                  | 215).
  3615 | D:4      | 3615 ||| Stepping ~*~*~tactically~*~*~ (outnumbered).
  3617 | D:4      | 3617 ||| Stepping ~*~*~tactically~*~*~ (outnumbered).
  3619 | D:4      | 3619 ||| Stepping ~*~*~tactically~*~*~ (outnumbered).
  3688 | D:4      | Found a staircase to the Ecumenical Temple.
  3689 | D:4      | 3689 ||| PLANNING TEMPLE
  3694 | Temple   | Entered the Ecumenical Temple
  3724 | Temple   | 3724 ||| PLANNING OKAWARU WORSHIP
  3757 | Temple   | Became a worshipper of Warmaster Okawaru
  3758 | Temple   | 3758 ||| PLANNING D:1-11
  4236 | D:5      | Entered Level 5 of the Dungeon
  4391 | D:5      | Reached XP level 8. HP: 62/68 MP: 7/7
  4450 | D:5      | Reached skill level 9 in Ranged Weapons
  4584 | D:5      | 4584 ||| Stepping ~*~*~tactically~*~*~ (outnumbered).
  4606 | D:5      | Reached skill level 3 in Dodging
  4613 | D:5      | Reached * piety under Okawaru
  4614 | D:5      | 4614 ||| INVOKING Heroism.
  4615 | D:5      | 4615 ||| INVOKING Heroism.
  4619 | D:5      | Reached skill level 6 in Fighting
  4664 | D:5      | 4664 ||| FLEEEEING.
  4665 | D:5      | 4665 ||| FLEEEEING.
  4666 | D:5      | 4666 ||| INVOKING Heroism.
  4678 | D:5      | 4678 ||| FLEEEEING.
  4679 | D:5      | 4679 ||| FLEEEEING.
  4680 | D:5      | 4680 ||| FLEEEEING.
  4681 | D:5      | 4681 ||| FLEEEEING.
  4682 | D:5      | 4682 ||| FLEEEEING.
  4683 | D:5      | 4683 ||| FLEEEEING.
  4684 | D:5      | 4684 ||| FLEEEEING.
  4685 | D:5      | 4685 ||| FLEEEEING.
  4686 | D:5      | 4686 ||| FLEEEEING.
  4687 | D:5      | 4687 ||| FLEEEEING.
  4688 | D:5      | 4688 ||| FLEEEEING.
  4689 | D:5      | 4689 ||| FLEEEEING.
  4690 | D:5      | 4690 ||| FLEEEEING.
  4691 | D:5      | 4691 ||| FLEEEEING.
  4692 | D:5      | 4692 ||| FLEEEEING.
  4693 | D:5      | 4693 ||| FLEEEEING.
  4694 | D:5      | 4694 ||| FLEEEEING.
  4695 | D:5      | 4695 ||| FLEEEEING.
  4696 | D:5      | 4696 ||| FLEEEEING.
  4697 | D:5      | 4697 ||| FLEEEEING.
  4698 | D:5      | 4698 ||| FLEEEEING.
  4699 | D:5      | 4699 ||| FLEEEEING.
  4700 | D:5      | 4700 ||| FLEEEEING.
  4701 | D:5      | 4701 ||| FLEEEEING.
  4702 | D:5      | 4702 ||| FLEEEEING.
  4703 | D:5      | 4703 ||| FLEEEEING.
  4704 | D:5      | 4704 ||| FLEEEEING.
  4705 | D:5      | 4705 ||| FLEEEEING.
  4706 | D:5      | 4706 ||| FLEEEEING.
  4707 | D:5      | 4707 ||| FLEEEEING.
  4708 | D:5      | 4708 ||| FLEEEEING.
  4709 | D:5      | 4709 ||| FLEEEEING.
  4710 | D:5      | 4710 ||| FLEEEEING.
  4711 | D:5      | 4711 ||| FLEEEEING.
  4713 | D:5      | 4713 ||| FLEEEEING.
  4714 | D:5      | 4714 ||| FLEEEEING.
  4715 | D:5      | 4715 ||| FLEEEEING.
  4717 | D:5      | 4717 ||| FLEEEEING.
  4718 | D:5      | 4718 ||| FLEEEEING.
  4719 | D:5      | 4719 ||| FLEEEEING.
  4720 | D:5      | 4720 ||| FLEEEEING.
  4721 | D:5      | 4721 ||| FLEEEEING.
  4722 | D:5      | 4722 ||| FLEEEEING.
  4723 | D:5      | 4723 ||| FLEEEEING.
  4724 | D:5      | 4724 ||| FLEEEEING.
  4725 | D:5      | 4725 ||| FLEEEEING.
  4772 | D:5      | Reached skill level 10 in Ranged Weapons
  4859 | D:5      | 4859 ||| INVOKING Heroism.
  5409 | D:5      | 5409 ||| UPGRADING to ring of protection from fire.
  5410 | D:5      | 5410 ||| UPGRADING to ring of protection from cold.
  5412 | D:5      | 5412 ||| READING scroll labelled ZOUGUEVEMM.
  5413 | D:5      | 5413 ||| READING 4 scrolls of identify.
  5413 | D:5      | 5413 ||| IDENTIFYING smoky green potion
  5414 | D:5      | 5414 ||| READING 3 scrolls of identify.
  5414 | D:5      | 5414 ||| IDENTIFYING fizzy yellow potion
  5415 | D:5      | 5415 ||| DROPPING potion of attraction.
  5484 | D:6      | 5484 ||| Stepping ~*~*~tactically~*~*~ (outnumbered).
  5486 | D:6      | 5486 ||| Stepping ~*~*~tactically~*~*~ (outnumbered).
  5554 | D:6      | Reached XP level 9. HP: 76/79 MP: 8/8
  5554 | D:6      | 5554 ||| INVOKING Heroism.
  5638 | D:6      | 5638 ||| Stepping ~*~*~tactically~*~*~ (outnumbered).
  5641 | D:6      | 5641 ||| Stepping ~*~*~tactically~*~*~ (outnumbered).
  5769 | D:6      | Reached skill level 1 in Invocations
  5784 | D:6      | 5784 ||| INVOKING Heroism.
  5837 | D:6      | 5837 ||| FLEEEEING.
  5838 | D:6      | 5838 ||| FLEEEEING.
  5839 | D:6      | 5839 ||| FLEEEEING.
  5840 | D:6      | 5840 ||| STAIRDANCE
  5850 | D:5      | 5850 ||| INVOKING Heroism.
  5931 | D:5      | 5931 ||| UPGRADING to +0 steam dragon scales.
  5941 | D:5      | 5941 ||| DROPPING +0 ring mail.
  5944 | D:6      | 5944 ||| STAIRDANCE
  5946 | D:5      | 5946 ||| INVOKING Heroism.
  5955 | D:5      | Reached skill level 11 in Ranged Weapons
  6132 | D:6      | 6132 ||| STAIRDANCE
  6212 | D:6      | 6212 ||| SWAPPING to +0 orcbow.
  6213 | D:6      | 6213 ||| DROPPING +1 sling "Zisityq" {drain, Str+6}.
  6509 | D:6      | Reached skill level 3 in Invocations
  6630 | D:6      | 6630 ||| DROPPING ring of wizardry.
  6661 | D:7      | 6661 ||| STAIRDANCE
  6692 | D:7      | 6692 ||| STAIRDANCE
  6724 | D:7      | 6724 ||| INVOKING Heroism.
  6781 | D:7      | 6781 ||| FLEEEEING.
  6786 | D:7      | 6786 ||| STAIRDANCE
  6888 | D:6      | 6888 ||| UPGRADING to amulet of reflection.
  6898 | D:6      | 6898 ||| DROPPING amulet of the acrobat.
  6901 | D:7      | 6901 ||| STAIRDANCE
  6942 | D:7      | 6942 ||| INVOKING Heroism.
  6943 | D:7      | 6943 ||| Stepping ~*~*~tactically~*~*~ (outnumbered).
  6968 | D:7      | 6968 ||| Stepping ~*~*~tactically~*~*~ (outnumbered).
  7005 | D:7      | 7005 ||| INVOKING Heroism.
  7023 | D:7      | 7023 ||| FLEEEEING.
  7113 | D:7      | Found a hazy altar of Hepliaklqana.
  7133 | D:7      | 7133 ||| INVOKING Heroism.
  7185 | D:7      | Found an ancient bone altar of Kikubaaqudgha.
  7221 | D:7      | Found a glowing silver altar of Zin.
  7306 | D:7      | Found a flagged portal.
  7404 | D:7      | Identified the +0 plate armour of Yroacam {+Blink rPois}
  7405 | D:7      | Found a runed translucent gate.
  7406 | D:7      | Found a runed translucent gate.
  7408 | D:7      | Found a runed translucent gate.
  7411 | D:7      | Noticed qw's ghost (novice GrFi)
  7470 | D:7      | Found a radiant altar of Vehumet.
  7600 | D:7      | 7600 ||| DROPPING ring of ice.
  7601 | D:7      | 7601 ||| READING 7 scrolls of identify.
  7601 | D:7      | 7601 ||| IDENTIFYING white potion
  7774 | D:8      | Noticed an orange demon
  7777 | D:8      | Noticed Amaemon
  7778 | D:8      | 7778 ||| Stepping ~*~*~tactically~*~*~ (outnumbered).
  7784 | D:8      | Killed an orange demon
  7785 | D:8      | Reached skill level 12 in Ranged Weapons
  7785 | D:8      | 7785 ||| INVOKING Heroism.
  7810 | D:8      | Killed Amaemon
  7810 | D:8      | Reached ** piety under Okawaru
  7811 | D:8      | Reached XP level 10. HP: 39/90 MP: 10/10
  7811 | D:8      | Noticed Joseph
  7817 | D:8      | HP: 13/90 [Joseph/sling bullet (13)]
  7818 | D:8      | 7818 ||| READING 6 scrolls of teleportation.
  7819 | D:8      | 7819 ||| DRINKING 4 potions of heal wounds.
  8053 | D:8      | 8053 ||| INVOKING Heroism.
  8053 | D:8      | Paralysed by a hornet for 3 turns
  8061 | D:8      | Reached skill level 3 in Armour
  8107 | D:8      | 8107 ||| INVOKING Heroism.
  8130 | D:8      | 8130 ||| INVOKING Heroism.
  8299 | D:8      | 8299 ||| INVOKING Heroism.
  8602 | D:8      | Killed Joseph
  8603 | D:8      | Reached skill level 6 in Dodging
  8791 | D:8      | 8791 ||| DROPPING amulet of regeneration.
  8792 | D:8      | 8792 ||| READING scroll labelled NASHRU ZAH JIYKKA.
  8793 | D:8      | 8793 ||| READING 7 scrolls of identify.
  8793 | D:8      | 8793 ||| IDENTIFYING fuming blue potion
  8794 | D:8      | 8794 ||| DROPPING potion of lignification.
  8806 | D:9      | Noticed a two-headed ogre
  8807 | D:9      | 8807 ||| INVOKING Heroism.
  8819 | D:9      | Killed a two-headed ogre
  8888 | D:9      | 8888 ||| INVOKING Heroism.
  8899 | D:9      | Reached skill level 13 in Ranged Weapons
  8915 | D:9      | 8915 ||| INVOKING Heroism.
  8919 | D:9      | HP: 22/90 [red devil/+0 trident (17)]
  8920 | D:9      | 8920 ||| READING 6 scrolls of teleportation.
  8921 | D:9      | 8921 ||| DRINKING 3 potions of heal wounds.
  9055 | D:9      | Noticed a two-headed ogre
  9056 | D:9      | 9056 ||| INVOKING Heroism.
  9065 | D:9      | Killed a two-headed ogre
  9066 | D:9      | Reached skill level 9 in Fighting
  9127 | D:9      | Found Binoots's Distillery.
  9133 | D:9      | 9133 ||| BUYING potion of curing (39 gold).
  9133 | D:9      | Bought a potion of curing for 39 gold pieces
  9133 | D:9      | 9133 ||| BUYING potion of curing (39 gold).
  9133 | D:9      | Bought a potion of curing for 39 gold pieces
  9133 | D:9      | 9133 ||| BUYING potion of haste (130 gold).
  9133 | D:9      | Bought a potion of haste for 130 gold pieces
  9133 | D:9      | 9133 ||| BUYING potion of haste (130 gold).
  9133 | D:9      | Bought a potion of haste for 130 gold pieces
  9133 | D:9      | 9133 ||| BUYING potion of heal wounds (65 gold).
  9133 | D:9      | Bought a potion of heal wounds for 65 gold pieces
  9133 | D:9      | 9133 ||| BUYING potion of heal wounds (65 gold).
  9133 | D:9      | Bought a potion of heal wounds for 65 gold pieces
  9133 | D:9      | 9133 ||| BUYING potion of heal wounds (65 gold).
  9133 | D:9      | Bought a potion of heal wounds for 65 gold pieces
  9133 | D:9      | 9133 ||| SHOPLISTING potion of might (52 gold, have 8).
  9166 | D:9      | 9166 ||| INVOKING Heroism.
  9345 | D:9      | Noticed a two-headed ogre
  9346 | D:9      | 9346 ||| INVOKING Heroism.
  9353 | D:9      | Killed a two-headed ogre
  9354 | D:9      | Reached skill level 14 in Ranged Weapons
  9354 | D:9      | Reached XP level 11. HP: 99/99 MP: 8/11
  9420 | D:9      | Reached *** piety under Okawaru
  9475 | D:9      | Found a staircase to the Lair.
  9476 | D:9      | 9476 ||| INVOKING Heroism.
  9529 | D:9      | 9529 ||| DROPPING +6 ring of intelligence.
  9530 | D:9      | 9530 ||| READING scroll labelled TYS AZ DAALE.
  9749 | D:9      | 9749 ||| PLANNING LAIR
  9778 | Lair:1   | Entered Level 1 of the Lair of Beasts
  9779 | Lair:1   | 9779 ||| INVOKING Heroism.
  9798 | Lair:1   | 9798 ||| STAIRDANCE
  9806 | Lair:1   | 9806 ||| INVOKING Heroism.
  9826 | Lair:1   | 9826 ||| INVOKING Heroism.
  9973 | Lair:1   | 9973 ||| INVOKING Heroism.
  9987 | Lair:1   | 9987 ||| INVOKING Heroism.
  9991 | Lair:1   | Reached skill level 15 in Ranged Weapons
 10009 | Lair:1   | HP: 20/99 [cane toad (6)]
 10010 | Lair:1   | 10010 ||| READING 5 scrolls of teleportation.
 10010 | Lair:1   | HP: 8/99 [yak (2)]
 10011 | Lair:1   | 10011 ||| DRINKING 5 potions of heal wounds.
 10013 | Lair:1   | 10013 ||| DRINKING 4 potions of heal wounds.
 10027 | Lair:1   | 10027 ||| INVOKING Heroism.
 10027 | Lair:1   | HP: 22/99 [wolf (5)]
 10028 | Lair:1   | 10028 ||| READING 4 scrolls of teleportation.
 10029 | Lair:1   | 10029 ||| DRINKING 3 potions of heal wounds.
 10059 | Lair:1   | 10059 ||| INVOKING Heroism.
 10071 | Lair:1   | HP: 20/99 [yak (8)]
 10072 | Lair:1   | 10072 ||| READING 3 scrolls of teleportation.
 10073 | Lair:1   | 10073 ||| DRINKING 2 potions of heal wounds.
 10113 | Lair:1   | 10113 ||| INVOKING Heroism.
 10126 | Lair:1   | Reached **** piety under Okawaru
 10140 | Lair:1   | HP: 24/99 [yak (5)]
 10141 | Lair:1   | 10141 ||| READING 2 scrolls of teleportation.
 10142 | Lair:1   | 10142 ||| DRINKING potion of heal wounds.
 10390 | Lair:1   | 10390 ||| INVOKING Heroism.
 10399 | Lair:1   | Reached skill level 16 in Ranged Weapons
 10450 | Lair:1   | Noticed qw's ghost (journeyman GrFi)
 10452 | Lair:1   | Found a runed translucent door.
 10455 | Lair:1   | 10455 ||| INVOKING Heroism.
 10629 | Lair:1   | Noticed a death yak
 10630 | Lair:1   | 10630 ||| INVOKING Heroism.
 10633 | Lair:1   | Noticed a death yak
 10635 | Lair:1   | Noticed a death yak
 10636 | Lair:1   | Noticed a death yak
 10638 | Lair:1   | Noticed a death yak
 10639 | Lair:1   | Killed a death yak
 10639 | Lair:1   | Noticed a death yak
 10653 | Lair:1   | HP: 22/99 [death yak (21)]
 10654 | Lair:1   | 10654 ||| READING scroll of teleportation.
 10654 | Lair:1   | HP: 3/99 [death yak (17)]
 10655 | Lair:1   | Killed a death yak
 11003 | Lair:1   | 11003 ||| INVOKING Heroism.
 11019 | Lair:1   | Killed a death yak
 11025 | Lair:1   | Killed a death yak
 11026 | Lair:1   | Reached XP level 12. HP: 41/107 MP: 13/13
 11026 | Lair:1   | HP: 24/107 [death yak (17)]
 11029 | Lair:1   | HP: 11/107 [death yak (14)]
 11030 | Lair:1   | 11030 ||| INVOKING Heroism.
 11034 | Lair:1   | HP: 10/107 [death yak (2)]
 11036 | Lair:1   | Mangled by a death yak

Levels and vault maps discovered:
D:1:      onia_arrival_zoo_common, layout_loops_ring, minmay_split_cup_small
D:2:      layout_loops_ring
D:3:      minmay_door_path, layout_basic, grunt_temple_overflow_open,
          nicolae_elevator_lobby_asterisk, uniq_ijyb
D:4:      layout_basic, minmay_temple_entry_gardened_gates, serial_shops,
          nicolae_diamond_shop, lightli_sewer_entry_pipes
D:5:      layout_basic
D:6:      cheibrodos_steamvent, layout_loops_ring, kb_lookout_dungeons_type
D:7:      layout_basic, mainiacjoe_overflow_alcove_4,
          mainiacjoe_overflow_surrounded_room, kennysheep_little_box,
          old_standard_altar, enter_bailey_4, biasface_ghost_orc_armoury,
          minmay_misc_feat_secret_circle, st_stairs_5
D:8:      layout_loops_corners, uniq_joseph, uniq_amaemon
D:9:      minmay_inner_zag, layout_cave_pools, grunt_lair_entry_orc_guard_hut,
          serial_shops, shop, nicolae_demonic_statue_gallery
Temple:   nicolae_temple_x_marks_the_god
Lair:1:   layout_regular_city, ebering_ghost_inner_flame, serial_bayou_shore_a,
          serial_bayou_shore_b, grunt_megastairs_2

Skill      XL: |  1  2  3  4  5  6  7  8  9 10 11 |
---------------+----------------------------------+-----
Ranged Weapons | 3 4 5 6 7 8 10 12 14 16 | 16.0
Fighting       | 2 3 4 5 7 8 9 10 | 10.4
Armour         | 1 2 3 4 |  4.2
Dodging        | 3 5 6 8 |  8.0
Invocations    | 4 5 |  5.8
Spellcasting   | |  1.0
Hexes          | |  2.0

Action                     |  1- 3 |  4- 6 |  7- 9 | 10-12 || total
---------------------------+-------+-------+-------+-------++-------
   Fire: Sling             |   125 |   247 |   322 |       ||   694
         Orcbow            |       |       |   162 |   495 ||   657
 Invoke: Heroism           |       |       |    12 |    24 ||    36
    Use: Potion            |     2 |     4 |       |     7 ||    13
         Scroll            |     1 |     7 |     4 |    10 ||    22
 Armour: Robe              |     7 |       |       |       ||     7
         Ring mail         |     8 |    52 |    72 |       ||   132
         Steam dragon scal |       |       |    22 |    65 ||    87
  Dodge: Dodged            |    28 |    68 |   144 |   279 ||   519
  Block: Other             |       |       |    11 |    69 ||    80
         Reflection        |       |       |     1 |     2 ||     3

Table legend:
 A = Non-vault XP
 B = Vault XP
 C = Vault XP percentage of total XP
 D = Non-vault monster count
 E = Vault monster count
 F = Vault count percentage of total count
                 A         B        C        D         E       F
            +---------+---------+-------+---------+---------+-------
      Total |   14725 |    7945 |  35.0 |     200 |      91 |  31.3
            +---------+---------+-------+---------+---------+-------
        D:1 |      44 |      18 |  29.0 |      24 |       3 |  11.1
        D:2 |      41 |       0 |   0.0 |      17 |       0 |   0.0
        D:3 |     150 |      38 |  20.2 |      13 |       3 |  18.8
        D:4 |     439 |      53 |  10.8 |      17 |       8 |  32.0
        D:5 |    1542 |       0 |   0.0 |      40 |       0 |   0.0
        D:6 |     863 |     637 |  42.5 |      27 |       4 |  12.9
        D:7 |     507 |     257 |  33.6 |      15 |       7 |  31.8
        D:8 |     803 |    1692 |  67.8 |      12 |       3 |  20.0
        D:9 |    1197 |    3150 |  72.5 |       4 |      15 |  78.9
     Lair:1 |    9139 |    1826 |  16.7 |      31 |       9 |  22.5
      Sewer |       0 |     274 | 100.0 |       0 |      39 | 100.0
            +---------+---------+-------+---------+---------+-------
